 Dungeon Crawl Stone Soup version 0.21.1-1-g345015f (webtiles) character file.

55 wotfoxis the Caller (level 3, -7/19 HPs)
             Began as a Deep Elf Summoner on Feb 20, 2018.
             Mangled by a gnoll
             ... wielding a +0 halberd
              (12 damage)
             ... on level 2 of the Dungeon.
             The game lasted 00:09:28 (1199 turns).

wotfoxis the Caller (Deep Elf Summoner)             Turns: 1199, Time: 00:09:29

Health: -7/19      AC:  2    Str:  5    XL:     3   Next: 67%
Magic:  4/10       EV: 13    Int: 19    God:
Gold:   86         SH:  2    Dex: 16    Spells: 7/10 levels left

rFire    . . .     SeeInvis .   m - +1 dagger (freeze)
rCold    . . .     Gourm    .   (no shield)
rNeg     . . .     Faith    .   e - -1 robe (curse)
rPois    .         Spirit   .   (no helmet)
rElec    .         Reflect  +   d - +0 cloak
rCorr    .         Harm     .   (no gloves)
MR       .....                  (no boots)
Stlth    ++........             j - +2 amulet of reflection
HPRegen  0.06/turn              (no ring)
MPRegen  0.12/turn              (no ring)

@: no status effects
A: no striking features
a: no special abilities


You were on level 2 of the Dungeon.
You were not hungry.

You visited 1 branch of the dungeon, and saw 2 of its levels.

You collected 86 gold pieces.

Inventory:

Hand Weapons
 m - a +1 dagger of freezing (weapon)
Armour
 a - a +0 robe
 d - a +0 cloak (worn)
 e - a cursed -1 robe (worn)
Jewellery
 j - a +2 amulet of reflection (around neck)
Scrolls
 g - 4 scrolls of identify
Potions
 i - 2 potions of brilliance
Books
 b - a book of Callings

   Spells                             Type                      Level
   a - Summon Small Mammal            Summoning                    1
   b - Call Imp                       Summoning                    2
   c - Call Canine Familiar           Summoning                    3
   d - Summon Guardian Golem          Hexes/Summoning              3
   e - Summon Lightning Spire         Summoning/Air                4
   f - Summon Ice Beast               Ice/Summoning                4
Comestibles
 c - a ration
 f - a chunk of flesh


   Skills:
 + Level 2.5 Dodging
 + Level 2.7 Stealth
 + Level 4.4 Spellcasting
 + Level 5.1 Summonings


You had 7 spell levels left.
You knew the following spells:

 Your Spells              Type           Power        Failure   Level  Hunger
a - Summon Small Mammal   Summ           ###.         1%          1    None
b - Call Imp              Summ           ###.....     2%          2    #......


Dungeon Overview and Level Annotations

Branches:
Dungeon (2/15)

Altars:


Message History

Anything else - Cancel.
Gang up on whom?
Press: ? - help, Dir - move target cursor, f - gnoll
Aim: a gnoll, wielding a halberd Attack!
Your bat hits the gnoll but does no damage.
Your crimson imp hits the gnoll but does no damage.
Your rat disappears in a puff of smoke!
Your bat barely misses the gnoll.
The gnoll hits your crimson imp with a halberd.
Your crimson imp blinks!
Your bat misses the gnoll.
Your crimson imp blinks!
Your rat completely misses the gnoll.
Your bat misses the gnoll.
Your bat closely misses the gnoll.
Your crimson imp hits the gnoll.
Your bat hits the gnoll but does no damage.
The gnoll hits you from afar with a halberd!
Ouch! That really hurt!
You die...

##.....5..)..........
..........###.######
##..##.#.# #.# #..
#<#.# #.# #.
#.#.###.## #
#.#.##...##
#......)..#
###.##....#
.###.###..@###
........5....#
.##..#ยง..gb..#
#..#...r...###.#
#..............#
#..#.......##### #
#..#.......#
##.##..#.......#
............####


You could see a gnoll, a friendly crimson imp, a friendly bat and a friendly
rat.

Vanquished Creatures
  A dart slug (D:1)
  A rat (D:1)
2 creatures vanquished.

Vanquished Creatures (collateral kills)
  Terence (D:2)
  2 gnolls
  An adder (D:2)
  2 dart slugs (D:1)
  2 leopard geckos (D:1)
  3 goblins
  5 hobgoblins
  2 jackals (D:1)
  8 bats (D:1)
  2 frilled lizards (D:1)
  5 kobolds (D:1)
  2 rats
35 creatures vanquished.

Grand Total: 37 creatures vanquished

Notes
Turn   | Place    | Note
-------+----------+-------------------------------------------
     0 | D:1      | wotfoxis the Deep Elf Summoner began the quest for the Orb.
     0 | D:1      | Reached XP level 1. HP: 10/10 MP: 6/6
     3 | D:1      | Noticed an octopode
     3 | D:1      | Noticed a dwarf
     5 | D:1      | Noticed a spriggan
     5 | D:1      | Noticed a vine stalker
     7 | D:1      | Noticed a merfolk
     7 | D:1      | Noticed a naga
     9 | D:1      | Noticed a centaur
    11 | D:1      | Noticed a draconian
    11 | D:1      | Noticed an ogre
    13 | D:1      | Noticed a tengu
    13 | D:1      | Noticed a human
    15 | D:1      | Noticed a vampire
    15 | D:1      | Noticed a demigod
    17 | D:1      | Noticed a troll
    17 | D:1      | Noticed a halfling
    19 | D:1      | Noticed a gargoyle
    19 | D:1      | Noticed a formicid
    21 | D:1      | Noticed a demonspawn
    23 | D:1      | Noticed a ghoul
    23 | D:1      | Noticed a minotaur
    25 | D:1      | Noticed an elf
    27 | D:1      | Noticed a felid
   157 | D:1      | Reached XP level 2. HP: 11/15 MP: 4/8
   200 | D:1      | Learned a level 2 spell: Call Imp
   846 | D:1      | Reached XP level 3. HP: 18/19 MP: 6/10
  1085 | D:2      | Noticed Terence
  1106 | D:2      | Reached skill level 5 in Summonings
  1127 | D:2      | Killed Terence
  1199 | D:2      | Mangled by a gnoll

Skill      XL: |  1  2  3 |
---------------+----------+-----
Spellcasting   | 4 |  4.4
Summonings     | 5 |  5.1
Dodging        | |  2.5
Stealth        | |  2.7

Action                   || total
-------------------------++-------
Melee: Unarmed           ||     3
       Dagger            ||    11
 Cast: Summon Small Mamm ||    59
       Call Imp          ||    12
  Use: Scroll            ||     3
 Stab: Distracted        ||     1
  Eat: Ration            ||     1
       Chunk             ||     1
Armor: Robe              ||     9
Dodge: Dodged            ||    41
Block: Other             ||     5
